[Event "87th Spanish Championship 2022"]
[Site "Linares"]
[Date "2022.08.12"]
[Round "2.18"]
[White "Lianes Garcia, Marcos"]
[Black "Guerra Bastida, Diego"]
[Result "1-0"]
[ECO "E39"]
[WhiteElo "2411"]
[BlackElo "2242"]
[Annotator "TA"]
[PlyCount "103"]
[EventDate "2022.08.11"]
[EventType "swiss"]
[EventCountry "ESP"]
[SourceTitle "playchess.com"]
[Source "ChessBase"]
[SourceQuality "1"]
[TimeControl "5400+30"]

1. d4 Nf6 2. c4 e6 3. Nc3 Bb4 4. Qc2 c5 5. dxc5 O-O 6. a3 Bxc5 7. Nf3 b6 {[%emt 0:02:41] 7...d5 injects fresh life into this line.} 8. Bg5 Be7 {[%emt 0:07:41] E39: Nimzo-Indian: Classical: 4...c5 5 dxc5 0-0.} 9. e4 Nc6 {[%emt 0:03:43] [#]} (9... Bb7 $14 {should be considered.}) 10. e5 $146 ({Predecessor:} 10. Be2 Bb7 11. O-O Rc8 12. Rad1 Na5 13. Rd4 h6 14. Bh4 d5 15. exd5 exd5 16. Rfd1 {1-0 (30) Seirawan,Y (2525)-Kudrin,S (2520) Berkeley 1984}) 10... Ng4 {[%emt 0:05:04][%csl LRe5,LRg5] White is slightly better.} 11. Bxe7 (11. Bf4 $5 ) 11... Qxe7 12. Qe4 (12. Bd3 $5 ) 12... f5 13. exf6 Nxf6 14. Qh4 Qc5 15. O-O-O Qh5 16. Qxh5 Nxh5 17. Ne4 d5 18. cxd5 exd5 19. Rxd5 Nf4 20. Rd6 Na5 21. b4 (21. Nfd2 $5 ) 21... Bb7 22. Ned2 Rac8+ 23. Kb2 Nc6 {[%emt 0:01:10] Black is now going downhill.} (23... Bxf3 $14 24. Nxf3 Nxg2 $1) 24. g3 $36 {[%emt 0:02:27][%mdl 2048] Black is under strong pressure.} Ng6 25. Bc4+ Kh8 26. Bd5 {[%emt 0:01:09] White is more active.} Ba8 27. Rc1 Nce5 (27... Nce7 $16) 28. Nxe5 Nxe5 29. Rxc8 Rxc8 30. Bxa8 Rxa8 $18 {[%emt 0:00:08][%mdl 4096] Endgame KRN-KRN} 31. h3 g5 32. Rd5 Re8 33. Kc3 h6 (33... g4 {was called for.}) 34. b5 Re7 35. Kd4 Nf7 (35... Nd7 $142 36. Ne4 Nf8) 36. Ne4 Kg7 37. a4 Rc7 {[%emt 0:00:22] [#]} 38. Nd6 $1 Nxd6 39. Rxd6 {[%emt 0:00:01] KR-KR} Rf7 $2 (39... h5 40. Ke5 Rf7) 40. Kd5 Rc7 41. Rc6 Rf7 42. Kd6 {[%emt 0:01:20] Hoping for Rc7.} Rf6+ 43. Kc7 {[%emt 0:00:45] Black must now prevent Rxf6.} Rxf2 44. Kb8 Rf3 45. Kxa7 Rxg3 46. Kxb6 Rxh3 47. a5 Ra3 48. a6 g4 49. a7 g3 {[%emt 0:00:06] [#]} 50. Rc3 $3 g2 (50... Rxc3 51. a8=Q) 51. Rc1 ({Weaker is} 51. Rxa3 g1=Q+ 52. Kc6 Qc1+ 53. Kb7 Qxa3 $11) 51... h5 52. Rg1 {[%emt 0:00:05] Weighted Error Value: White=0.07 (flawless) /Black=0.42} 1-0

[Event "87th Spanish Championship 2022"]
[Site "Linares"]
[Date "2022.08.12"]
[Round "2.19"]
[White "Massanet Massanet, Sebastian"]
[Black "Suarez Uriel, Adrian"]
[Result "1-0"]
[ECO "A50"]
[WhiteElo "2232"]
[BlackElo "2386"]
[Annotator "TA"]
[PlyCount "57"]
[EventDate "2022.08.11"]
[EventType "swiss"]
[EventCountry "ESP"]
[SourceTitle "playchess.com"]
[Source "ChessBase"]
[SourceQuality "1"]
[TimeControl "5400+30"]

1. d4 Nf6 2. c4 b6 3. f3 Nc6 4. Nc3 e5 5. d5 Ne7 6. e4 {[%emt 0:00:52] A50: Queen's Fianchetto Defence (1 d4 Nf6 2 c4 b6).} Ng6 7. h4 Bc5 8. Nge2 {[%emt 0:01:49] White is better.} h5 {[%emt 0:06:58] [#]} 9. Bg5 $146 ({Predecessor:} 9. a3 a5 10. Na4 Be7 11. Be3 d6 12. g3 Nd7 13. Bh3 Ba6 14. b3 b5 15. cxb5 Bxb5 {1-0 (31) Idani,P (2588)-Denishev,M (2159) Chess.com INT 2020}) 9... c6 (9... Be7 $142) 10. d6 ({White should play} 10. Ng3) 10... b5 {[%emt 0:07:11] [#]} (10... Bb7 $16) 11. Ng3 $1 $18 ({Much less strong is} 11. cxb5 Qb6 $16) 11... Nf4 (11... Qb6 $16 {is a better defense.} 12. Qd2 bxc4) 12. Qd2 ({Don't do} 12. cxb5 Ne6 13. Nf5 Kf8) 12... bxc4 (12... Ne6 $16 {might work better.}) 13. Bxc4 Rb8 14. Bxf4 exf4 15. Qxf4 {[%emt 0:00:16] Threatens to win with Qe5+.} Kf8 16. Qe5 ({Not} 16. Qg5 Qa5 $16) 16... Bb4 17. Nf5 g6 $2 (17... Ne8 {was called for.} 18. O-O-O f6) 18. Ne7 Kg7 19. Qg5 {[%emt 0:01:01] aiming for e5.} Ba5 {[%emt 0:03:06] [#]} (19... Ba6 $142) 20. Bxf7 $1 Kxf7 (20... Rxb2 21. Qxg6+) 21. Qxg6+ Ke6 22. e5 {[%emt 0:00:50][%csl Ge5][%cal Rg6f6][%mdl 64] Pin} Rf8 23. Qf5+ Kf7 24. Qxf6+ Ke8 25. Qg6+ Rf7 26. Nf5 Kf8 27. Qxh5 (27. Rh3 $142 Rb4 28. Qh6+ Kg8 29. Rg3+ Rg4 30. fxg4 Rh7 31. Ne7+ Qxe7 32. dxe7) 27... Rxf5 28. Qxf5+ Kg7 29. Rh3 {[%emt 0:00:35] Black got outplayed after the opening.  Weighted Error Value: White=0.11 (very precise) /Black=1.04} 1-0

[Event "87th Spanish Championship 2022"]
[Site "Linares"]
[Date "2022.08.12"]
[Round "2.20"]
[White "Valmana Canto, Jaime"]
[Black "Silva Lucena, Cristian"]
[Result "0-1"]
[ECO "E71"]
[WhiteElo "2406"]
[BlackElo "2212"]
[Annotator "TA"]
[PlyCount "130"]
[EventDate "2022.08.11"]
[EventType "swiss"]
[EventCountry "ESP"]
[SourceTitle "playchess.com"]
[Source "ChessBase"]
[SourceQuality "1"]
[TimeControl "5400+30"]

1. d4 Nf6 2. c4 g6 3. Nc3 Bg7 4. e4 d6 5. h3 O-O 6. Be3 c5 7. Nf3 Qa5 {Threatens to win with ...Nxe4. E90: King's Indian: Classical: Early deviations and 6 h3.} 8. Bd3 {8.Bd3 is better than 8.Qd2.} cxd4 9. Nxd4 Nc6 {White is slightly better.} 10. O-O Nxd4 11. Bxd4 Be6 {[#]} 12. f4 $146 ({Predecessor:} 12. Rc1 Rfc8 13. b3 a6 14. Qe2 Rab8 15. Ba7 Ra8 16. Bd4 Rab8 17. Ba7 Ra8 18. Bd4 Rab8 {½-½ (18) Martinovic,S (2542)-Lagarde,M (2647) Terme Catez 2021}) 12... Rfc8 13. b3 Nd5 14. Bxg7 Nxc3 15. Bxc3 Qxc3 16. f5 Bd7 17. Qf3 Rf8 18. Rad1 Kg7 (18... Bc6 $11 {keeps the balance.}) 19. Kh1 (19. e5 $1 $16) 19... Qe5 20. Bb1 Bc6 {Prevents Rd5.} 21. Qg4 a5 22. Rd2 (22. Bd3 $15) 22... Kh8 (22... a4 $1 $17) 23. Rdf2 Rg8 24. f6 e6 25. h4 (25. Rf3 $11) 25... g5 $1 $15 26. h5 (26. Rf3 $1 $15) 26... b6 (26... b5 $17 27. cxb5 Bxb5) 27. Rf3 Rac8 28. Qg3 g4 29. Qxe5 dxe5 (29... gxf3 30. Qh2 fxg2+ 31. Qxg2 $1 Rxg2 32. Kxg2 $16) 30. Rd3 (30. Rg3 $11) 30... Rg5 ({Don't play} 30... Bxe4 31. Rd7 Bxb1 32. Rxb1 $11) 31. Rfd1 (31. Kg1 $15) 31... Rxh5+ $17 32. Kg1 Rg5 33. Rd8+ (33. Kh2 $17) 33... Rg8 $1 $19 34. Rxc8 Rxc8 {[%mdl 4096] Endgame KRB-KRB} 35. Kf2 h5 $1 36. Rh1 Kh7 37. Rxh5+ Kg6 38. Rh4 Kg5 ({Inferior is} 38... Kxf6 39. Rxg4 b5 40. cxb5 Bxb5 41. a4 $15) 39. Kg3 (39. Rh1 $17) 39... Rd8 $1 (39... Kxf6 40. Kxg4 Rd8 41. Rh1 $17) 40. Rh1 {Against Rd1} Rd2 ({Stronger than} 40... Kxf6 41. Rf1+ Ke7 42. Kxg4 $17) 41. Re1 Kxf6 {aiming for ...Kg5.} 42. Kxg4 Rxg2+ 43. Kf3 Rb2 44. Ke3 Ke7 {Black is more active.} 45. Rf1 a4 46. bxa4 Bxa4 47. Bd3 (47. Kd3 $142) 47... Rxa2 48. Rb1 Ra3 {White must now prevent ...Bc2.} 49. Kd2 {Against Bc2} Rb3 50. Ra1 {[#]} b5 51. c5 Kd7 {Strongly threatening ...Kc6.} 52. Rf1 Kc6 53. Rxf7 Kxc5 54. Rc7+ {[#]} Kd6 (54... Kb4 $1 $19 {And now ...Rb2+ would win.} 55. Rc6 Rb2+ 56. Ke3 Rg2 57. Rxe6 Rg5) 55. Ra7 Kc5 ({Black should play} 55... Rb2+ $17 56. Kc3 Rb3+ 57. Kd2 Kc5 58. Rc7+ Kd6) 56. Ra6 $2 (56. Rc7+ $1 $11 {and White has nothing to worry.} Kb4 57. Rc6) 56... Rb2+ 57. Kc1 Rg2 {Hoping for ...Kd4.} 58. Rxe6 Kd4 59. Bb1 (59. Rd6+ $142 Kc3 60. Bf1 Rc2+ 61. Kb1) 59... Bb3 60. Rh6 Bc4 61. Bc2 b4 {( -> ...b3)} 62. Rb6 Kc3 {Black mates.} 63. Bd1 Rg1 64. Rd6 Be2 65. Rd3+ Kxd3 {Weighted Error Value: White=0.50/Black=0.21 (precise)} 0-1

[Event "87th Spanish Championship 2022"]
[Site "Linares"]
[Date "2022.08.12"]
[Round "2.21"]
[White "Jimenez Fernandez, Rebeca"]
[Black "Argandona Riveiro, Inigo"]
[Result "1-0"]
[ECO "B06"]
[WhiteElo "1908"]
[BlackElo "2393"]
[Annotator "TA"]
[PlyCount "91"]
[EventDate "2022.08.11"]
[EventType "swiss"]
[EventCountry "ESP"]
[SourceTitle "playchess.com"]
[Source "ChessBase"]
[SourceQuality "1"]
[TimeControl "5400+30"]

1. e4 g6 2. d4 c6 3. Nc3 d5 4. h3 Bg7 5. Nf3 Nh6 6. Bf4 O-O {[%emt 0:00:06] B15: Caro-Kann: 3 Nc3: 3...g6 and 3...dxe4 4 Nxe4 Nf6 5 Nxf6+ exf6.} 7. Qd2 dxe4 8. Nxe4 ({But not} 8. Bxh6 $6 exf3 9. Bxg7 Kxg7 $11) 8... Nf5 {[%emt 0:00:02][%cal Rf5d4] White is slightly better.} 9. O-O-O {[%emt 0:00:44] White is more active.} Be6 {[%emt 0:01:44][%cal Bc8e6,Be6d5,Bd5e4,Be4f5][%mdl 32] [#]} 10. g4 $146 ({Predecessor:} 10. Kb1 a5 11. c4 Na6 12. g4 Nd6 13. Nxd6 exd6 14. Bh6 Rb8 15. Bxg7 Kxg7 16. d5 cxd5 17. cxd5 {1-0 (30) Socko,B (2557)-Lomandong,M (1978) Monte Carlo 2019}) 10... Bd5 11. gxf5 Bxe4 {[%emt 0:00:09] [#]} 12. Be2 (12. fxg6 $1 $11 {keeps the balance.} Bxf3 (12... fxg6 13. Bc4+) 13. gxh7+ Kh8 14. Rg1) 12... Bxf5 $17 13. h4 Qd5 14. Kb1 h5 15. Ne5 $1 Bxe5 16. Bxe5 {[%emt 0:00:45] Black must now prevent Qh6.} Nd7 17. Bh2 Kh7 18. Rhg1 Nf6 19. f3 Rad8 20. Rg5 c5 21. Bd3 {[%emt 0:02:11][%cal Og5f5] [#] Strongly threatening Rxf5!} Qxf3 (21... Qxd4 $2 22. Rxf5 Rd7 23. Be5 $18) ({Black should try} 21... e6 $1 $17 22. Be5 Nd7) 22. Rxf5 $11 gxf5 23. Rf1 Ne4 24. Qe1 Qxf1 {[%emt 0:00:49] Loses the game.} 25. Bxf1 $18 Rxd4 26. Bd3 Rfd8 $2 (26... Rg8 27. Be5 Rd5) 27. Qe2 c4 28. Qxh5+ Kg8 29. Be5 Nf6 30. Qg5+ Kf8 31. Qh6+ Ke8 {[%emt 0:00:40] ...Rg4 is the strong threat.} 32. Bxd4 cxd3 33. Bc3 ({Not} 33. Bxf6 d2 34. Qh8+ Kd7 $11) 33... d2 34. Bxd2 Ne4 35. Bc1 Rd1 36. c3 Rh1 37. h5 Ng3 38. Qh8+ Kd7 39. Qd4+ Ke8 40. Qxa7 {[%emt 0:00:45] And now Qb8+ would win.} f4 41. Qb8+ Kd7 42. Qxb7+ Ke6 43. Kc2 Rh2+ 44. Kb3 Nxh5 45. Qe4+ Kf6 46. Bxf4 {[%emt 0:00:14] Weighted Error Value: White=0.13 (very precise) /Black=0.45} 1-0

[Event "87th Spanish Championship 2022"]
[Site "Linares"]
[Date "2022.08.12"]
[Round "2.22"]
[White "Tejedor Fuente, Enrique"]
[Black "De La Cruz Revilla, Miguel"]
[Result "1-0"]
[ECO "B40"]
[WhiteElo "2419"]
[BlackElo "2213"]
[Annotator "TA"]
[PlyCount "61"]
[EventDate "2022.08.11"]
[EventType "swiss"]
[EventCountry "ESP"]
[SourceTitle "playchess.com"]
[Source "ChessBase"]
[SourceQuality "1"]
[TimeControl "5400+30"]

1. e4 c5 2. Nf3 e6 3. g3 Nc6 4. Bg2 Nf6 5. Qe2 e5 6. d3 {[%emt 0:01:28] B40: Sicilian: 2...e6, Unusual lines.} Be7 7. O-O O-O 8. Nbd2 {[%emt 0:00:25] The position is equal.} d6 9. Nc4 b5 10. Ne3 Nd4 11. Qd1 {[%emt 0:02:00] [#]} Rb8 $146 ({Predecessor:} 11... Re8 12. Nd2 Bb7 13. f4 exf4 14. gxf4 Bf8 15. Rf2 Qb6 16. Ndf1 c4 17. c3 Ne6 {0-1 (60) Murzin,V (2442)-Can,E (2600) Moscow 2020}) 12. Nd2 Kh8 13. a4 a6 14. c3 Nc6 15. Kh1 Ng8 16. f4 Bf6 17. axb5 axb5 18. Nf3 b4 19. f5 (19. Nd5 {looks sharper.} Be6 20. Ra6 bxc3 21. bxc3 Qc8 22. Qa4) 19... bxc3 20. bxc3 Bd7 21. g4 Bg5 22. Nxg5 Qxg5 23. Qe1 (23. Nc4 $142 Qe7 24. g5) 23... Qd8 $16 24. Nc4 Be8 (24... f6 $16 {was worth a try.}) 25. g5 f6 26. Qh4 (26. g6 $1 $18) 26... Rb3 {[%emt 0:01:53] [#] Black cannot hold the game after this.} (26... fxg5 $16 27. Bxg5 (27. Qxg5 Nf6 $14) 27... Nf6) 27. Rf3 $1 $18 {[%emt 0:01:32] Hoping for Rh3.} (27. g6 $6 h6 $16) 27... fxg5 28. Bxg5 $40 {[%emt 0:01:23][%mdl 128] White has strong attack.} (28. Qxg5 Bf7 $11) 28... Qb8 {[%emt 0:00:04] [#]} (28... Qc7 $142 29. f6 (29. Rh3 h6 $16) 29... Rxc3 30. fxg7+ Qxg7 31. Rxf8 (31. Nxd6 Rxf3 32. Bxf3 h6 $16) 31... Qxf8) 29. Rg1 $1 ({Less strong is} 29. Rh3 Rb1+ 30. Bf1 h6 31. Rxb1 Qxb1 $16) 29... Rxc3 $2 (29... Nf6 30. Rh3 h5) 30. Bf1 {[%emt 0:07:21] Black must now prevent Rh3.} (30. Rh3 h6 $16) 30... h6 31. f6 {[%emt 0:06:32] Weighted Error Value: White=0.08 (flawless) /Black=0.31} 1-0

[Event "87th Spanish Championship 2022"]
[Site "Linares"]
[Date "2022.08.12"]
[Round "2.23"]
[White "Del Carmen Hernandez, Aimer"]
[Black "Alonso Garcia, Aaron"]
[Result "0-1"]
[ECO "C03"]
[WhiteElo "2066"]
[BlackElo "2374"]
[Annotator "TA"]
[PlyCount "66"]
[EventDate "2022.08.11"]
[EventType "swiss"]
[EventCountry "ESP"]
[SourceTitle "playchess.com"]
[Source "ChessBase"]
[SourceQuality "1"]
[TimeControl "5400+30"]

1. e4 e6 2. d4 d5 3. Nd2 Be7 4. e5 c5 5. c3 cxd4 6. cxd4 {[%emt 0:00:05] C03: French Tarrasch: Unusual Black 3rd moves.} Qb6 {[%emt 0:00:06] 6...Qb6 is better than 6...Nc6.} 7. Ndf3 Bb4+ 8. Bd2 {[%emt 0:00:17] The position is equal.} Nc6 9. Bc3 Bd7 10. Qd2 f6 {[%emt 0:07:22] [#]} 11. Ne2 $146 ({Predecessor:} 11. Bd3 Bxc3 12. bxc3 Qc7 13. exf6 gxf6 14. c4 dxc4 15. Bxc4 Qa5 16. Ne2 Qxd2+ 17. Nxd2 {½-½ (51) Kovalev,V (2703)-Antipov,M (2589) Moscow 2019}) 11... Nge7 12. a3 (12. exf6 $11 {keeps the balance.} gxf6 13. Nf4) 12... Bxc3 $17 13. Nxc3 fxe5 14. dxe5 Ng6 $1 15. O-O-O O-O ({And not} 15... Ncxe5 16. Nxe5 Nxe5 17. Qe2 $15) 16. Re1 $2 {[%emt 0:15:33] [#]} (16. Qe3 $17) 16... Na5 $2 (16... Rxf3 $1 $19 {[%mdl 512] is more deadly.} 17. gxf3 Nd4) 17. Kb1 Nb3 18. Qc2 ({Better is} 18. Qe3) 18... Rac8 {[%emt 0:01:41] Hoping for ...d4. Black is more active.} 19. Ka2 Nd4 $36 {[%emt 0:00:13][%mdl 2048] Black is in control.} 20. Nxd4 Qxd4 21. f3 Nxe5 22. Qd1 Qf4 23. Bd3 ({But not} 23. Nxd5 exd5 24. Qxd5+ Qf7 25. Qxf7+ (25. Rxe5 $2 Qxd5+ 26. Rxd5 Be6 $19) 25... Nxf7) 23... Qf6 24. Bc2 Be8 25. Bb3 Bf7 26. Nb5 (26. Qd4 $142 Nc6 27. Qxf6 gxf6 28. Rc1) 26... Rfd8 $19 27. Qe2 (27. Qd4 $142 Nc6 28. Qxf6 gxf6 29. Kb1) 27... Nc6 28. g4 $2 (28. f4) 28... a6 {[%emt 0:00:09] Black is clearly winning.} 29. Nc3 Nd4 30. Qd1 (30. Qe5 $142 Qxe5 31. Rxe5) 30... e5 31. g5 Qd6 32. Ka1 Nxb3+ 33. Qxb3 d4 {[%emt 0:00:05][%csl LRb3,LRc3] Weighted Error Value: White=0.69/Black=0.25 (precise)} 0-1

[Event "87th Spanish Championship 2022"]
[Site "Linares"]
[Date "2022.08.12"]
[Round "2.24"]
[White "Ingunza Curro, Andres"]
[Black "Horcajuelo Rocamora, Martin"]
[Result "1/2-1/2"]
[ECO "B92"]
[WhiteElo "2370"]
[BlackElo "2107"]
[Annotator "TA"]
[PlyCount "72"]
[EventDate "2022.08.11"]
[EventType "swiss"]
[EventCountry "ESP"]
[SourceTitle "playchess.com"]
[Source "ChessBase"]
[SourceQuality "1"]
[TimeControl "5400+30"]

1. e4 c5 2. Nf3 d6 3. d4 cxd4 4. Nxd4 Nf6 5. Nc3 a6 6. Be2 e5 7. Nf3 Be7 8. Bg5 Be6 9. Bxf6 Bxf6 10. O-O O-O 11. Nd5 {[%emt 0:00:23] B92: Sicilian Najdorf: 6 Be2.} Bxd5 12. Qxd5 ({Much weaker is} 12. exd5 Nd7 $11) 12... Qc7 13. c3 Nc6 14. Rfd1 Rfd8 15. a4 Ne7 16. Qb3 {[%emt 0:01:12] White is more active.} Rac8 17. Nd2 Qc6 18. Bf3 Bg5 {[%emt 0:02:30] [#]} 19. a5 $146 ({Predecessor:} 19. Nb1 Rc7 20. a5 Qc4 21. Qc2 d5 22. Na3 Qc5 23. exd5 Nxd5 24. Qf5 Bf6 25. Be4 {1-0 (38) Della Morte,P (2286)-Encinas Varela,D (1885) Las Vegas 2018}) 19... Ng6 20. g3 Nf8 21. Nf1 Ne6 22. h4 Bh6 {[%emt 0:05:26] [#]} 23. Nh2 $1 Nc5 24. Qd5 (24. Qc2 $16) 24... Qxd5 $14 25. Rxd5 Kf8 26. Rad1 Ke7 27. Ng4 Nb3 $1 {[%emt 0:00:59] Against Ra1} 28. Bg2 ({Better is} 28. Be2 $14) 28... Bc1 $11 29. Bh3 {[%emt 0:01:39] [#]} (29. h5 $11) 29... Rb8 (29... Bxb2 $2 30. Rb1 $18) (29... Rc5 $1 $17) 30. Bf1 h5 (30... Bxb2 $2 31. Rb1 $18) 31. Nh2 {[%emt 0:03:19] Hoping for Bc4.} Rbc8 {[%emt 0:00:30] Against Bc4} (31... Bxb2 $2 32. Rb1 $18) (31... b5 $142) 32. Bd3 $36 {[%emt 0:00:26][%mdl 2048] Bc2 is the strong threat. White fights for an advantage.} ({Reject} 32. Bh3 Rc5 $17) 32... Bh6 ({Weaker is} 32... Bxb2 33. Rb1 $16) 33. Bc2 Nc5 34. Nf3 f6 35. Ne1 Rc6 36. Nd3 Nxd3 {[%emt 0:00:32] Weighted Error Value: White=0.12 (very precise) /Black=0.16 (very precise)} 1/2-1/2

[Event "87th Spanish Championship 2022"]
[Site "Linares"]
[Date "2022.08.12"]
[Round "2.25"]
[White "Vega Gutierrez, Sabrina"]
[Black "Zhou, Lulu"]
[Result "1-0"]
[ECO "C99"]
[WhiteElo "2366"]
[BlackElo "2115"]
[Annotator "TA"]
[PlyCount "123"]
[EventDate "2022.08.11"]
[EventType "swiss"]
[EventCountry "ESP"]
[SourceTitle "playchess.com"]
[Source "ChessBase"]
[SourceQuality "1"]
[TimeControl "5400+30"]

1. e4 e5 2. Nf3 Nc6 3. Bb5 a6 4. Ba4 Nf6 5. O-O Be7 6. Re1 b5 7. Bb3 d6 8. c3 O-O 9. h3 Na5 10. Bc2 c5 11. d4 Qc7 12. Nbd2 cxd4 13. cxd4 Nc6 14. a3 Re8 {[%emt 0:05:58] C99: Closed Ruy Lopez: Chigorin Defence: 11 d4 Qc7 12 Nbd2 cxd4.} 15. d5 Nb8 {[%emt 0:01:07] [#]} (15... Nd4 16. Nxd4 exd4 17. Nf3 $16) 16. a4 $146 ({Predecessor:} 16. Nf1 Nbd7 17. Be3 a5 18. Ng3 Nf8 19. Qd2 Ng6 20. Rec1 Qb7 21. Bd3 Bd7 22. Rc2 {1-0 (90) Pisarevic,G (2165)-Mitrovic,J (2177) Sarajevo 2017}) 16... b4 {[%emt 0:00:52] White is slightly better.} 17. a5 Nbd7 (17... Bd7 $142) 18. Ba4 Rf8 ({Black should play} 18... Qxa5 19. Nb3 Qc7) 19. Nb3 $1 $16 Nc5 20. Nxc5 dxc5 21. Nd2 Bd7 22. Nc4 {[%emt 0:00:57] d6 is the strong threat.} Bxa4 23. Qxa4 (23. Rxa4 Ne8 $16) 23... Ne8 24. Be3 f5 25. exf5 Nd6 26. Nb6 (26. Nxe5 $6 Nxf5 27. Nd7 Rf7) 26... Rad8 27. Qc6 Nb5 28. Rac1 Rxf5 29. Bxc5 Bxc5 30. Qxc5 (30. Rxc5 Qf7 31. d6 Nxd6) 30... Qf7 (30... Qxc5 {might work better.} 31. Rxc5 Nd6) 31. Re4 (31. Nc8 $142 {Black must now prevent Ne7+.} Kh8 32. Ne7 (32. Qxb4 Rf4 $16)) 31... Rf8 (31... h6 $142 32. f3 (32. Qxb4 Rxf2 33. Rxe5 Rf8 $18) (32. Rxb4 Rf8 $18) 32... Rg5) 32. d6 $18 (32. Rxb4 Rxf2 33. d6 Nd4 34. Rxd4 Rxg2+ 35. Kxg2 Qf3+ 36. Kg1 Qe3+ 37. Kh1 Qf3+ 38. Kh2 Qe2+ 39. Kh1 Qf3+ 40. Kh2 Qe2+ 41. Kh1 Qf3+ $11) 32... Rxf2 33. d7 Nd6 (33... Rxb2 $2 34. Qxf8+ $3 Qxf8 35. Rc8 $18) 34. Rg4 {[%emt 0:02:01] Active counter play!} h5 35. Rg3 ({Worse is} 35. Qxd6 hxg4 36. Qd5 (36. d8=Q {leads to mate.} Rf1+ 37. Rxf1 Qxf1+ 38. Kh2 g3+ 39. Kxg3 Qf4#) 36... Qxd5 37. Nxd5 R2f7 $17) 35... Ne4 {[%emt 0:00:47] [#]} 36. Qxf8+ Qxf8 37. Rd3 $1 {[%emt 0:03:26] The board is on fire.} Qd8 {[%emt 0:07:24] And now ...Kh7 would win.} 38. Rc8 Rf8 39. Rxd8 Rxd8 {[%emt 0:00:01][%mdl 4096] Endgame KRN-KRN} 40. Nc4 Kf7 41. Re3 ({Better is} 41. Rd5) 41... Nc5 $16 42. Rxe5 (42. Nxe5+ {keeps more tension.} Kf6 43. Kh2 Nb7 44. g4) 42... Nxd7 43. Rxh5 Nf6 {[%emt 0:00:27] [#] Inhibits Rd5.} (43... Rc8 $142 44. Rd5 Ke6 45. Rxd7 Rxc4 46. Rxg7 Rc2) 44. Rc5 $1 Rd1+ (44... Ke6 $16 45. Kf1 Rd3 46. Re5+ Kf7) 45. Kh2 $18 Rd5 46. Rc7+ Kg8 47. Rc6 Rd4 48. Kg3 $2 (48. b3 $18) 48... Ne4+ $1 $11 49. Kh2 Nd2 $2 (49... Nf6 $1 $11 {and Black has nothing to worry.}) 50. Ne3 ({White must play} 50. Nd6 $18) 50... Rd3 $14 51. Nf5 Rb3 52. Rc2 Rd3 53. Rc7 g6 $2 {[%emt 0:00:12] Black cannot hold the game after this.} (53... Rb3 $14) 54. Ne7+ $18 Kg7 55. Nd5+ Kh6 56. Nxb4 Rb3 57. Nxa6 Rxb2 58. Nc5 {[%emt 0:01:12] Hoping for a6.} Rb5 $2 (58... Nf1+ 59. Kh1 Ng3+ 60. Kg1 Rc2) 59. a6 Nb3 60. Ne4 (60. a7 $142 Ra5 61. Nxb3 Ra3 62. Nd2 Kg5 63. Nc4 Ra6 {[#]} 64. Nb6 $1 Kh6 65. a8=Q) 60... Ra5 61. h4 {[%emt 0:00:44] Ng5 would kill now.} Rxa6 62. Ng5 {[%emt 0:00:14] Weighted Error Value: White=0.23 (precise) /Black=0.69} 1-0

[Event "87th Spanish Championship 2022"]
[Site "Linares"]
[Date "2022.08.12"]
[Round "2.26"]
[White "Romero Nieto, Hugo"]
[Black "Macias Pino, Diego"]
[Result "0-1"]
[ECO "B10"]
[WhiteElo "1712"]
[BlackElo "2355"]
[Annotator "TA"]
[PlyCount "72"]
[EventDate "2022.08.11"]
[EventType "swiss"]
[EventCountry "ESP"]
[SourceTitle "playchess.com"]
[Source "ChessBase"]
[SourceQuality "1"]
[TimeControl "5400+30"]

1. e4 c6 2. Nc3 d5 3. Nf3 Nf6 4. e5 Ne4 5. d4 Nxc3 6. bxc3 {[%emt 0:00:09] B11: Caro-Kann: Two Knights Variation.} c5 7. c4 e6 {[%emt 0:03:20] [#]} 8. Be2 $146 {[%emt 0:04:36] The position is equal.} ({Predecessor:} 8. c3 Nc6 9. Be2 cxd4 10. cxd4 Be7 11. O-O O-O 12. Be3 b6 13. Rc1 dxc4 14. Bxc4 {0-1 (39) Petr,M (2516)-Navara,D (2751) Havlickuv Brod 2015}) 8... cxd4 9. O-O dxc4 10. Qxd4 Qc7 (10... Qxd4 $11 11. Nxd4 a6) 11. Qxc4 (11. Rd1 $14) 11... Nc6 (11... Qxc4 $11 12. Bxc4 Be7) 12. Nd4 $16 Bd7 (12... Qxe5 $2 {[#]} 13. Nxc6 $1 Qc7 14. Nd4 Qxc4 15. Bxc4 $18) 13. Bf4 ({White should play} 13. Nb5 $16 Qa5 14. Rd1) 13... a6 $1 $11 14. Rfd1 Rc8 15. Nf3 Nb4 16. Qxc7 Rxc7 17. c4 Ba4 18. Rd2 Nc6 19. Bd1 Bxd1 20. Raxd1 Bc5 21. Ng5 Bb4 22. Rd3 O-O 23. Rd7 Rfc8 24. Ne4 h6 25. R1d3 (25. Kf1 $15) 25... Na5 $17 26. a3 (26. c5 $17) 26... Rxc4 (26... Rxd7 $19 27. Rxd7 Rxc4 28. axb4 Rxe4) 27. axb4 $2 {[%emt 0:02:37] Loses the game.} (27. f3 $17 {was the only defense.} Bc5+ 28. Kf1) 27... Rxe4 $19 {[%emt 0:00:05][%cal Re4e1,Bc4e4,Be4b4,Bb4b1][%mdl 32] [#]} 28. f3 $2 (28. Rd1) 28... Rxb4 ({And not} 28... Rxf4 29. bxa5 Rf5 30. Rxb7 $17) 29. Bd2 Rb1+ 30. Kf2 Nc4 31. Bc3 Rb3 32. Kg3 (32. Ke2 {is a better defense.}) 32... a5 {[%emt 0:00:56][%cal Ba6a5,Ba5a4][%mdl 32] Black is clearly winning.} 33. Ba1 Rxd3 34. Rxd3 b5 {[%emt 0:00:04][%cal Bb7b5,Bb5b4][%mdl 32] Strongly threatening ...a4.} 35. f4 b4 36. f5 a4 {[%emt 0:00:58] Weighted Error Value: White=0.44/Black=0.19 (very precise)} 0-1